 Dungeon Crawl Stone Soup version 0.24-a0-581-gc0fa6600bf (webtiles) character file.

Game seed: 6884824013763296620

3438 DasRunzen the Protected (level 9, -3/82 HPs)
             Began as a Minotaur Fighter on Aug 25, 2019.
             Was a Believer of Okawaru.
             Slain by a bullfrog (7 damage)
             ... on level 8 of the Dungeon.
             The game lasted 00:10:50 (6151 turns).

DasRunzen the Protected (Minotaur Fighter)          Turns: 6151, Time: 00:10:50

Health: -3/82      AC: 12    Str: 22    XL:     9   Next: 77%
Magic:  10/10      EV: 10    Int:  5    God:    Okawaru [**....]
Gold:   324        SH:  0    Dex: 12    Spells: 8/8 levels left

rFire    . . .     SeeInvis .   v - +5 scythe "Finisher" {speed, eviscerate}
rCold    . . .     Gourm    .   (shield currently unavailable)
rNeg     . . .     Faith    .   b - +0 scale mail
rPois    .         Spirit   .   (helmet restricted)
rElec    .         Reflect  .   s - +1 cloak {+Inv}
rCorr    +         Harm     .   (no gloves)
MR       .....                  t - +0 pair of boots
Stlth    +.........             (no amulet)
HPRegen  0.23/turn              e - ring of stealth
MPRegen  0.12/turn              h - ring of resist corrosion

@: no status effects
A: retaliatory headbutt, horns 2
a: Heroism, Renounce Religion, Evoke Invisibility


You were on level 8 of the Dungeon.
You worshipped Okawaru.
Okawaru was pleased with you.
You were hungry.

You visited 2 branches of the dungeon, and saw 9 of its levels.

You collected 324 gold pieces.

Inventory:

Hand Weapons
 a - a +3 war axe
 v - the +5 scythe "Finisher" (weapon) {speed, eviscerate}
   (You found it on level 7 of the Dungeon)

   Attacks with this weapon are significantly faster.
Armour
 b - a +0 scale mail (worn)
 c - a +3 shield
 s - a +1 cloak of invisibility (worn)
 t - a +0 pair of boots (worn)
Jewellery
 e - a ring of stealth (left hand)
 h - a ring of resist corrosion (right hand)
Wands
 g - a wand of random effects (22)
 l - a wand of acid (6)
Scrolls
 i - 4 scrolls of remove curse
 j - 2 scrolls of blinking
 m - 2 scrolls of magic mapping
 p - a scroll of teleportation
 q - a scroll of fog
 w - a scroll of identify
Potions
 d - 2 potions of might
 k - 7 potions of curing
 n - 3 potions of heal wounds
 o - a potion of agility
 r - a potion of cancellation
 u - a potion of haste
Comestibles
 f - 11 rations


   Skills:
 + Level 8.7 Fighting
 + Level 8.2(8.3) Axes
 + Level 2.3(5.6) Polearms
 + Level 8.7 Armour
 + Level 8.7 Shields
 + Level 3.9 Invocations


You had 8 spell levels left.
You didn't know any spells.
Your spell library was empty.

Dungeon Overview and Level Annotations

Branches:
Dungeon (8/15)             Temple (1/1) D:6
   Lair: D:8-11

Altars:
Ashenzari
Cheibriados
Dithmenos
Elyvilon
Fedhas
Gozag
Hepliaklqana
Kikubaaqudgha
Makhleb
Nemelex Xobeh
Okawaru
Qazlal
Ru
Sif Muna
Trog
Uskayaw
Vehumet
Wu Jian
Xom
Zin
The Shining One

Shops:
D:6 }


Innate Abilities, Weirdness & Mutations

You reflexively headbutt those who attack you in melee.
You have a pair of horns on your head.


Message History

* * * LOW HITPOINT WARNING * * *
You slash the orc warrior!
The orc warrior is moderately wounded.
The orc warrior hits you with a +0 flail.
* * * LOW HITPOINT WARNING * * *
The orc priest looks braver for a moment.
You hit the orc warrior but do no damage.
Your headbutt misses the orc warrior.
The orc warrior is moderately wounded.
The orc warrior hits you with a +0 flail.
* * * LOW HITPOINT WARNING * * *
You slash the orc warrior! Your headbutt misses the orc warrior.
The orc warrior is heavily wounded.
The orc warrior hits you with a +0 flail!
* * * LOW HITPOINT WARNING * * *
You slash the orc warrior!
You kill the orc warrior!
Okawaru accepts your kill. The bullfrog hits you!
You die...

... .. .. . #..############
### .#.# .......<.......
..###.#.# ........#######
........
.#.####...@F.o######.....).
#######.....#..†.....
#####..........
#...........
./....###.....? ###.###
#)..... ... ....... ####
....... #......


You could see a bullfrog and an orc priest.

Vanquished Creatures
  7 wraiths (D:7)
  An ice beast (D:5)
  3 orc warriors
  2 sky beasts
  A black bear (D:7)
  2 ogres
  3 bullfrogs
  A wyvern zombie (D:7)
  5 scorpions
  4 killer bees (D:7)
  2 bullfrog zombies
  A centaur skeleton (D:5)
  3 hounds
  3 orc priests
  7 orc wizards
  A bullfrog skeleton (D:4)
  2 iguanas (D:7)
  Natasha (thrice) (D:3)
  3 worker ants
  9 adders
  2 oozes
  3 adder skeletons
  4 worms
  6 dart slugs
  7 leopard geckos
  24 orcs
  2 ball pythons
  4 giant cockroaches
  12 goblins
  5 hobgoblins
  4 jackals (D:3)
  2 quokkas
  6 bats
  3 frilled lizards
  A jackal zombie (D:7)
  5 kobolds
  A leopard gecko zombie (D:6)
  8 rats
162 creatures vanquished.

Notes
Turn   | Place    | Note
-------+----------+-------------------------------------------
     0 | D:1      | DasRunzen the Minotaur Fighter began the quest for the Orb.
     0 | D:1      | Reached XP level 1. HP: 19/19 MP: 0/0
    71 | D:1      | Found a shattered altar of Ashenzari.
   140 | D:1      | Reached XP level 2. HP: 15/27 MP: 1/1
   668 | D:1      | Reached XP level 3. HP: 20/33 MP: 2/2
  1164 | D:2      | Found a blossoming altar of Fedhas.
  1173 | D:2      | Reached XP level 4. HP: 37/40 MP: 3/3
  1413 | D:2      | Found a bloodstained altar of Trog.
  1714 | D:3      | Noticed Natasha
  1722 | D:3      | Killed Natasha
  1783 | D:3      | Noticed an ogre
  1791 | D:3      | Killed an ogre
  1791 | D:3      | Reached skill level 5 in Armour
  1791 | D:3      | Reached XP level 5. HP: 8/47 MP: 4/4
  2094 | D:3      | Noticed Natasha
  2101 | D:3      | Killed Natasha
  2101 | D:3      | Reached skill level 5 in Fighting
  2101 | D:3      | Reached skill level 5 in Shields
  2161 | D:3      | Reached XP level 6. HP: 52/56 MP: 5/5
  2230 | D:3      | Found a shimmering blue altar of Sif Muna.
  2326 | D:3      | Noticed Natasha
  2331 | D:3      | Killed Natasha
  2475 | D:4      | Found an opulent altar of Gozag.
  2610 | D:4      | Reached skill level 5 in Axes
  2610 | D:4      | Reached XP level 7. HP: 22/62 MP: 6/6
  3098 | D:5      | Entered Level 5 of the Dungeon
  3467 | D:5      | Found a shimmering altar of Xom.
  3688 | D:5      | Reached XP level 8. HP: 41/71 MP: 7/7
  3854 | D:6      | Found Jibbeita's Gadget Emporium.
  3997 | D:6      | Found a staircase to the Ecumenical Temple.
  4006 | Temple   | Entered the Ecumenical Temple
  4053 | Temple   | Became a worshipper of Warmaster Okawaru
  4631 | D:7      | Found a sparkling altar of Nemelex Xobeh.
  4633 | D:7      | Found an ornate altar of the Wu Jian Council.
  4634 | D:7      | Found an ancient bone altar of Kikubaaqudgha.
  4710 | D:7      | Found a shattered altar of Ashenzari.
  4722 | D:7      | Reached skill level 1 in Invocations
  4946 | D:7      | Reached * piety under Okawaru
  4946 | D:7      | Reached XP level 9. HP: 34/80 MP: 9/9
  5505 | D:7      | Found the +5 scythe "Finisher" {speed, eviscerate}
  5557 | D:7      | Reached ** piety under Okawaru
  5700 | D:7      | Reached skill level 1 in Polearms
  6150 | D:8      | HP: 4/82 [orc warrior/+0 flail (11)]
  6151 | D:8      | Slain by a bullfrog

Levels and vault maps discovered:
D:1:      mushboom_english_gardens, layout_loops_corners,
          minmay_misc_feat_encased, st_stairs_10, nicolae_ashenzari_panopticon
D:2:      layout_basic, fedhas_altar_2, trog_three_pillars_becter
D:3:      layout_basic, led_sif_pool, uniq_natasha
D:4:      layout_rooms, first_ration, grunt_ministairs_14,
          nicolae_gozag_seed_capital
D:5:      layout_basic, kennysheep_mini, grunt_decor_cap
D:6:      layout_basic, minmay_temple_entry_statues_pillars, serial_shops,
          nicolae_shop_window_shopping
D:7:      layout_layer_cave, nicolae_overflow_hidden_temple,
          overflow_temple_1_default, minmay_guarded_unrand_finisher
D:8:      layout_rooms, uniq_joseph
Temple:   cyrus_circular_temple

Skill      XL: |  1  2  3  4  5  6  7  8  9 |
---------------+----------------------------+-----
Shields        | 4 5 6 7 8 |  8.7
Axes           | 3 4 5 6 7 8 |  8.2
Armour         | 4 5 6 7 8 |  8.7
Fighting       | 4 5 6 7 8 |  8.7
Invocations    | 2 3 |  3.9
Polearms       | 2 |  2.3

Action                   |  1- 3 |  4- 6 |  7- 9 || total
-------------------------+-------+-------+-------++-------
Melee: War axe           |    99 |   140 |   250 ||   489
       Headbutt          |     9 |    23 |    68 ||   100
       Scythe            |       |       |    52 ||    52
  Use: Scroll            |     4 |     6 |    11 ||    21
  Eat: Chunk             |       |     6 |    11 ||    17
Armor: Scale mail        |    36 |    47 |   103 ||   186
Dodge: Dodged            |    29 |    39 |    88 ||   156
Block: Shield            |    50 |   100 |   177 ||   327

Table legend:
 A = Non-vault XP
 B = Vault XP
 C = Vault XP percentage of total XP
 D = Non-vault monster count
 E = Vault monster count
 F = Vault count percentage of total count
                 A         B        C        D         E       F
            +---------+---------+-------+---------+---------+-------
      Total |    3359 |    1553 |  31.6 |     149 |      13 |   8.0
            +---------+---------+-------+---------+---------+-------
        D:1 |      52 |       3 |   5.5 |      22 |       2 |   8.3
        D:2 |      68 |       0 |   0.0 |      19 |       0 |   0.0
        D:3 |     279 |      36 |  11.4 |      26 |       1 |   3.7
        D:4 |     426 |      84 |  16.5 |      21 |       3 |  12.5
        D:5 |     572 |       0 |   0.0 |      21 |       0 |   0.0
        D:6 |     421 |       0 |   0.0 |       7 |       0 |   0.0
        D:7 |    1180 |    1430 |  54.8 |      28 |       7 |  20.0
        D:8 |     361 |       0 |   0.0 |       5 |       0 |   0.0
            +---------+---------+-------+---------+---------+-------
